 Dungeon Crawl Stone Soup version 0.19.5 (webtiles) character file.

423 greprep the Magician (level 6, -7/32 HPs)
             Began as a Deep Elf Fire Elementalist on May 7, 2017.
             Killed from afar by greprep's ghost (8 damage)
             ... with a magic dart
             ... on level 5 of the Dungeon.
             The game lasted 00:13:23 (4695 turns).

greprep the Magician (Deep Elf Fire Elementalist)   Turns: 4695, Time: 00:13:24

Health: -7/32      AC:  3    Str:  5    XL:     6   Next: 63%
Magic:  5/25       EV: 12    Int: 22    God:
Gold:   144        SH:  4    Dex: 15    Spells: 5 memorised, 3 levels left

rFire  . . .     SeeInvis .     t - +1 dagger (speed)
rCold  . . .     Gourm    .     a - +0 robe
rNeg   . . .     Faith    +     n - +0 buckler
rPois  .         Spirit   .     o - +0 helmet
rElec  .         Reflect  .     (no cloak)
rCorr  .         Harm     .     (no gloves)
MR     .....                    (no boots)
Stlth  ++........               s - amulet of faith
                                A - ring of magical power
                                p - ring of wizardry

@: no status effects
A: no striking features
a: no special abilities


You were on level 5 of the Dungeon.
You were not hungry.

You visited 1 branch of the dungeon, and saw 5 of its levels.

You collected 144 gold pieces.

Inventory:

Hand Weapons
 t - a +1 dagger of speed (weapon)
Missiles
 f - 83 arrows
Armour
 a - a +0 robe (worn)
 n - a +0 buckler (worn)
 o - a +0 helmet (worn)
Jewellery
 p - a ring of wizardry (left hand)
 s - an amulet of faith (around neck)
 A - a ring of magical power (right hand)
Wands
 y - a wand of flame (36/48)
Scrolls
 c - a scroll of magic mapping {unknown}
 d - 4 scrolls of remove curse {unknown}
 e - 3 scrolls of identify {unknown}
 g - 4 scrolls of teleportation {unknown}
 h - a scroll of recharging {unknown}
 k - a scroll of blinking {unknown}
 m - a scroll of enchant armour {unknown}
 q - a scroll of fear {unknown}
 r - a scroll of noise {unknown}
 v - 5 scrolls of random uselessness {unknown}
Potions
 i - a potion of haste {unknown}
 j - a potion of lignification {unknown}
 l - 4 potions of flight {unknown}
 u - a potion of resistance
Books
 b - a book of Flames

   Spells                             Type                      Level
   a - Flame Tongue                   Conjuration/Fire             1
   b - Throw Flame                    Conjuration/Fire             2
   c - Conjure Flame                  Conjuration/Fire             3
   d - Inner Flame                    Hexes/Fire                   3
   e - Sticky Flame                   Conjuration/Fire             4
   f - Fireball                       Conjuration/Fire             5
Comestibles
 x - 3 bread rations
 z - a meat ration


   Skills:
 + Level 0.1 Fighting
 + Level 0.8 Short Blades
 + Level 2.8 Dodging
 + Level 3.3 Stealth
 + Level 0.7 Shields
 + Level 5.6 Spellcasting
 + Level 3.4 Conjurations
 + Level 0.3 Hexes
 + Level 5.5 Fire Magic


You had 3 spell levels left.
You knew the following spells:

 Your Spells              Type           Power        Failure   Level  Hunger
a - Flame Tongue          Conj/Fire      ####.        1%          1    None
b - Throw Flame           Conj/Fire      ####..       1%          2    None
c - Conjure Flame         Conj/Fire      ####....     4%          3    ##.....
d - Inner Flame           Hex/Fire       ###.....     6%          3    ##.....
e - Sticky Flame          Conj/Fire      ####....     12%         4    ####...


Dungeon Overview and Level Annotations

Branches:
Dungeon (5/15)
 Temple: D:4-7

Altars:
Gozag
Qazlal

Annotations:
D:5 greprep's ghost, amateur DECj


Message History

Aiming: Sticky Flame
Press: ? - help, Shift-Dir - straight line, f/p - greprep's ghost
Aim: greprep's ghost (moderately damaged)
The sticky flame hits greprep's ghost.
Greprep's ghost is moderately damaged.
Greprep's ghost hits you but does no damage.
Casting: Sticky Flame
Confirm with . or Enter, or press ? or * to list all spells.
You don't have enough magic to cast that spell.
Greprep's ghost casts a spell at you. The magic dart hits you!
Your magical contamination has completely faded away.
Greprep's ghost casts a spell at you. The magic dart hits you!
Greprep's ghost points at you and mumbles some strange words.
The magic dart hits you!
* * * LOW HITPOINT WARNING * * *
Greprep's ghost gestures at you while chanting.
The magic dart hits you!
You die...

#.Z.............#
#######.........#
#†.........##.
########W#...........
#>..<....####.###...
#........# #.#
#........# #.#
#........## #.#
#........@###.##
#..............#
#........####<...#
########## #.##.# #..
.# ##.# . .. . ..# ..
#.#


You could see greprep's ghost.

Vanquished Creatures
  A water moccasin (D:5)
  A hound (D:4)
  2 orc wizards (D:3)
  A hound zombie (D:5)
  3 gnolls (D:3)
  8 adders
  A howler monkey skeleton (D:4)
  2 oozes
  An adder skeleton (D:4)
  2 worms
  3 dart slugs
  2 leopard geckos
  9 orcs
  5 giant cockroaches
  6 goblins
  7 hobgoblins
  7 kobolds
  2 ball pythons
  5 bats
  5 frilled lizards
  8 rats
81 creatures vanquished.

Notes
Turn   | Place    | Note
-------+----------+-------------------------------------------
     0 | D:1      | greprep the Deep Elf Fire Elementalist began the quest for the Orb.
     0 | D:1      | Reached XP level 1. HP: 10/10 MP: 6/6
   398 | D:1      | Reached XP level 2. HP: 15/15 MP: 4/8
   402 | D:1      | Learned a level 2 spell: Throw Flame
  1260 | D:2      | Reached XP level 3. HP: 19/19 MP: 3/9
  1265 | D:2      | Learned a level 3 spell: Conjure Flame
  1283 | D:2      | Found a stormy altar of Qazlal.
  1288 | D:2      | Found an opulent altar of Gozag.
  2013 | D:2      | Reached XP level 4. HP: 24/24 MP: 0/11
  2835 | D:3      | Learned a level 3 spell: Inner Flame
  2843 | D:3      | Reached XP level 5. HP: 25/28 MP: 5/14
  2971 | D:3      | Learned a level 4 spell: Sticky Flame
  3076 | D:3      | Reached skill level 5 in Spellcasting
  3095 | D:3      | Reached skill level 5 in Fire Magic
  4470 | D:4      | Reached XP level 6. HP: 32/32 MP: 15/15
  4605 | D:5      | Entered Level 5 of the Dungeon
  4605 | D:5      | Noticed a water moccasin
  4612 | D:5      | Killed a water moccasin
  4657 | D:5      | Noticed greprep's ghost (amateur DECj)
  4694 | D:5      | HP: 1/32 [greprep's ghost/magic dart (9)]
  4695 | D:5      | Killed from afar by greprep's ghost

Skill      XL: |  1  2  3  4  5 |
---------------+----------------+-----
Fire Magic     | 4 5 |  5.5
Spellcasting   | 4 5 |  5.6
Conjurations   | 2 3 |  3.4
Stealth        | 3 |  3.3
Fighting       | |  0.1
Short Blades   | |  0.8
Dodging        | |  2.8
Shields        | |  0.7
Hexes          | |  0.3

Action                   |  1- 3 |  4- 6 || total
-------------------------+-------+-------++-------
Melee: Dagger            |       |    14 ||    14
 Cast: Flame Tongue      |    26 |    36 ||    62
       Throw Flame       |    43 |    46 ||    89
       Sticky Flame      |       |    10 ||    10
       Inner Flame       |       |     1 ||     1
 Stab: Sleeping          |       |     5 ||     5
  Eat: Bread ration      |     1 |     2 ||     3
       Royal jelly       |       |     1 ||     1
Armor: Robe              |     2 |     6 ||     8
Dodge: Dodged            |     6 |    23 ||    29
Block: Buckler           |       |     9 ||     9
